 Dungeon Crawl Stone Soup version 0.29-a0-384-g6960b1960d (webtiles) character file.

Game seed: 14036989045701593741

105 Antichthon the Covered (level 4, -2/29 HPs)
             Began as a Gargoyle Fighter on May 6, 2022.
             Slain by a gnoll
             ... wielding a +0 spear
              (7 damage)
             ... on level 3 of the Dungeon.
             The game lasted 00:02:10 (1510 turns).

Antichthon the Covered (Gargoyle Fighter)           Turns: 1510, Time: 00:02:11

Health: -2/29      AC: 13    Str: 20    XL:     4   Next: 83%
Magic:  5/5        EV:  9    Int: 10    God:
Gold:   73         SH:  4    Dex:  9    Spells: 3/3 levels left

rFire   . . .      SeeInvis .   a - +0 flail
rCold   . . .      Faith    .   c - +0 buckler
rNeg    + . .      Spirit   .   b - +0 scale mail
rPois   ∞          Reflect  .   (no helmet)
rElec   +          Harm     .   (no cloak)
rCorr   .          Rampage  .   l - +0 pair of gloves
Will    .....                   e - +0 pair of boots
Stlth   ..........              (no amulet)
HPRegen 0.09/turn               (no ring)
MPRegen 0.09/turn               (no ring)

@: no status effects
A: sickness immunity, AC +3, negative energy resistance 1, electricity
resistance, torment resistance 1, petrification resistance
a: no special abilities


You were on level 3 of the Dungeon.
You visited 1 branch of the dungeon, and saw 3 of its levels.

You collected 73 gold pieces.

Inventory:

Hand Weapons
 a - a +0 flail (weapon)
Armour
 b - a +0 scale mail (worn)
 c - a +0 buckler (worn)
 e - a +0 pair of boots (worn)
 l - a +0 pair of gloves (worn)
Jewellery
 f - a ring of willpower
Potions
 d - a potion of might
 g - a potion of berserk rage
 h - 2 potions of cancellation
 i - a potion of invisibility {unknown}
 j - a potion of haste {unknown}
 k - 3 potions of curing {unknown}


   Skills:
 * Level 3.8 Fighting
 * Level 3.0 Maces & Flails
 * Level 4.0 Armour
 * Level 0.5 Dodging
 * Level 3.7 Shields
 * Level 1.4 Invocations


You had 3 spell levels left.
You didn't know any spells.
Your spell library contained the following spells:

 Spells                   Type           Power      Damage    Failure   Level
 Tukima's Dance           Hex            0%         N/A       99%         3
 Anguish                  Hex/Necr       0%         N/A       100%        4
 Petrify                  Tmut/Erth      0%         N/A       100%        4
 Irradiate                Conj/Tmut      0%         3d13      100%        5
 Enfeeble                 Hex            0%         N/A       100%        7
 Sublimation of Blood     Necr           Unusable   N/A       N/A         2

Dungeon Overview and Level Annotations

Branches:
Dungeon (3/15)

Altars:


Innate Abilities, Weirdness & Mutations

You are immune to sickness and miasma.
Your stone body is resilient. (AC +3)
You are immune to poison.
You resist negative energy. (rN+)
You are resistant to electric shocks. (rElec)
You are resistant to unholy torment.
You are immune to petrification.


Message History

You hit the gnoll.
The gnoll is severely wounded.
The gnoll closely misses you.
The gnoll hits you from afar with a +0 spear.
You barely miss the gnoll.
The gnoll is severely wounded.
The gnoll hits you but does no damage. The gnoll hits you with a +0 flail.
You hit the gnoll.
The gnoll is severely wounded.
The gnoll hits you but does no damage. The gnoll hits you with a +0 flail.
You block the gnoll's attack.
The gnoll hits you from afar with a +0 spear.
You barely miss the gnoll.
The gnoll is severely wounded.
The gnoll hits you with a +0 flail!
* * * LOW HITPOINT WARNING * * *
The gnoll barely misses you.
You closely miss the gnoll.
The gnoll is severely wounded.
The gnoll hits you but does no damage. The gnoll barely misses you.
You hit the gnoll.
The gnoll is almost dead.
The gnoll closely misses you. The gnoll hits you but does no damage.
The gnoll hits you with a +0 flail.
* * * LOW HITPOINT WARNING * * *
You block the gnoll's attack.
You sock the gnoll!
You kill the gnoll!
The gnoll closely misses you.
Your Maces & Flails skill increases to level 3!
Your Armour skill increases to level 4!
You block the gnoll's attack.
Items here: ))) †.
You hit the gnoll.
The gnoll is moderately wounded.
The gnoll hits you but does no damage.
You barely miss the gnoll.
The gnoll is moderately wounded.
The gnoll hits you with a +0 spear!
You die...

#.# #.# #.#
##.## ###...#
#.<.#.#
#.#...#
###.#######
#.#####
#....g@...#
#.#
#.#.#####.#
#.#
...####.####.#
.............#
...####.######
#.# ..# ####


You could see a gnoll.

Vanquished Creatures
  4 gnolls
  3 adders (D:2)
  A worm (D:2)
  4 ball pythons
  2 bats (D:1)
  2 endoplasms
  2 giant cockroaches
  4 goblins
  6 hobgoblins
  3 jackals (D:2)
  A quokka (D:1)
  2 frilled lizards (D:2)
  A kobold (D:2)
  3 rats
38 creatures vanquished.

Notes
Turn   | Place    | Note
-------+----------+-------------------------------------------
     0 | D:1      | Antichthon the Gargoyle Fighter began the quest for the
                  | Orb.
     0 | D:1      | Reached XP level 1. HP: 14/14 MP: 1/1
    30 | D:1      | Reached XP level 2. HP: 15/19 MP: 2/2
   346 | D:1      | Found a faded altar of an unknown god.
   689 | D:2      | Reached XP level 3. HP: 23/23 MP: 3/3
   717 | D:2      | Reached skill level 1 in Invocations
  1093 | D:2      | Reached XP level 4. HP: 24/29 MP: 4/4
  1508 | D:3      | Reached skill level 4 in Armour
  1510 | D:3      | Slain by a gnoll

Illustrated notes

Levels and vault maps discovered:
D:1:      amcnicky_arrival_wind_blow, layout_rooms,
          shapermc_ecumenical_altar_hornbeckon
D:2:      layout_loops_ring
D:3:      layout_loops_corners, minmay_liquid_box

Skill      XL: |  1  2  3  4 |
---------------+-------------+-----
Invocations    | 1 |  1.4
Maces & Flails | 3 |  3.0
Armour         | 4 |  4.0
Fighting       | |  3.8
Dodging        | |  0.5
Shields        | |  3.7

Action                   |  1- 3 |  4- 6 || total
-------------------------+-------+-------++-------
Melee: Flail             |   105 |    38 ||   143
  Use: Scroll            |     5 |     1 ||     6
Armor: Scale mail        |    83 |    20 ||   103
Dodge: Dodged            |    77 |    19 ||    96
Block: Buckler           |    30 |     9 ||    39

Table legend: (Time is in decaauts)
 A = Elapsed time spent in this place.
 B = Non-inter-level travel time spent in this place.
 C = Inter-level travel time spent in this place.
 D = Time resting spent in this place.
 E = Time spent auto-exploring this place.
 F = Levels seen in this place.
 G = Mean time per level.
                   A        B        C        D        E       F      G
               +--------+--------+--------+--------+--------+-----+--------+
         Total |   1563 |   1546 |     17 |      0 |   1114 |   3 |  521.0 |
       Dungeon |   1563 |   1546 |     17 |      0 |   1114 |   3 |  521.0 |
               +--------+--------+--------+--------+--------+-----+--------+

Top non-repeatable levels by time:
     D:2: 872 daAuts
     D:1: 648 daAuts
     D:3: 42 daAuts
